 Dungeon Crawl Stone Soup version 0.23.0 (webtiles) character file.

Game seed: 6188039995242953533

4 puppykicker the Grave Robber (level 1, -3/15 HPs)
             Began as a Minotaur Necromancer on Feb 18, 2019.
             Slain by a leopard gecko (5 damage)
             ... on level 1 of the Dungeon.
             The game lasted 00:00:49 (209 turns).

puppykicker the Grave Robber (Minotaur Necromancer)  Turns: 209, Time: 00:00:49

Health: -3/15      AC:  2    Str: 12    XL:     1   Next: 50%
Magic:  0/2        EV: 12    Int: 12    God:
Gold:   4          SH:  0    Dex: 10    Spells: 2/3 levels left

rFire    . . .     SeeInvis .   a - +0 club
rCold    . . .     Gourm    .   (no shield)
rNeg     . . .     Faith    .   e - +0 robe
rPois    .         Spirit   .   (helmet restricted)
rElec    .         Reflect  .   (no cloak)
rCorr    .         Harm     .   (no gloves)
MR       .....                  (no boots)
Stlth    ++........             (no amulet)
HPRegen  0.05/turn              (no ring)
MPRegen  0.08/turn              (no ring)

@: no status effects
A: retaliatory headbutt, horns 2
a: no special abilities


You were on level 1 of the Dungeon.
You were not hungry.

You visited 1 branch of the dungeon, and saw 1 of its levels.

You collected 4 gold pieces.


Innate Abilities, Weirdness & Mutations

You reflexively headbutt those who attack you in melee.
You have a pair of horns on your head.


   Skills:
 + Level 0.5 Fighting
 - Level 2.1 Dodging
 - Level 1.5 Stealth
 + Level 1.5 Spellcasting
 + Level 3.0 Necromancy


You had 2 spell levels left.
You knew the following spells:

 Your Spells              Type           Power        Failure   Level  Hunger
a - Pain                  Necr           #...         9%          1    ##.....

Your spell library contained the following spells:

 Spells                   Type           Power        Failure   Level  Hunger
 Animate Skeleton         Necr           N/A          9%          1    ##.....
 Vampiric Draining        Necr           #.........   24%         3    ####...
 Regeneration             Chrm/Necr      #.........   43%         3    ####...
 Animate Dead             Necr           N/A          63%         4    #####..

Inventory:

Hand Weapons
 a - a +0 club (weapon)
Missiles
 b - 40 stones (quivered)
Armour
 e - a +0 robe (worn)
Scrolls
 f - a scroll of identify {unknown}
Comestibles
 c - 2 rations
 d - a chunk of flesh {@w1}

Dungeon Overview and Level Annotations

Branches:
Dungeon (1/15)

Altars:

#.###.# #.# #.#
#.##..# #.## ..#
##....## #..###
#.. #####..####
##...# #.#
#.........#
###.###### #.#
...####....###
#......###.# #
#......#
########....รท#
#....#.# .....#
#####.# ######@#
.....# #.. #l#
...%.# #..
#.##lb...# #..
#####..#.....#
#.#
............#
#..#
#######........#
#..# ##.....#..
#..# #......#
... #........
....


You could see a leopard gecko.


Message History

The bat hits you but does no damage. The bat hits you.
You closely miss the bat. The bat hits you but does no damage. x2
You closely miss the bat. The bat barely misses you. The bat hits you.
The bat misses you.
You miss the bat. The bat barely misses you. The bat closely misses you.
You closely miss the bat. The bat barely misses you.
The bat hits you but does no damage.
You hit the bat.
The bat is moderately wounded.
The bat hits you. x2
You hit the bat.
You kill the bat!
You hit the leopard gecko.
The leopard gecko is heavily wounded.
The leopard gecko bites you but does no damage.
The leopard gecko barely misses you.
Aiming: Pain (safe; 9% risk of failure)
Aim: a leopard gecko (moderately wounded, clinging, chance to defeat MR: 73%)
The leopard gecko struggles to resist.
The leopard gecko bites you.
* * * LOW HITPOINT WARNING * * *
You closely miss the leopard gecko. You headbutt the leopard gecko.
The leopard gecko is severely wounded.
The leopard gecko bites you.
* * * LOW HITPOINT WARNING * * *
The leopard gecko bites you.
* * * LOW HITPOINT WARNING * * *
You barely miss the leopard gecko.
The leopard gecko is severely wounded.
The leopard gecko bites you.
You die...

Action                   || total
-------------------------++-------
Melee: Club              ||    10
       Unarmed           ||     8
       Headbutt          ||     3
 Cast: Pain              ||     2
Armor: Robe              ||     7
Dodge: Dodged            ||    10

Levels and vault maps discovered:
D:1:      dpeg_arrival_pond, layout_rooms, hangedman_abyss_or_decor_stabs,
          minmay_tall_x

Notes
Turn   | Place    | Note
-------+----------+-------------------------------------------
     0 | D:1      | puppykicker the Minotaur Necromancer began the quest for
                  | the Orb.
     0 | D:1      | Reached XP level 1. HP: 14/14 MP: 1/1
    18 | D:1      | Reached skill level 3 in Necromancy
   209 | D:1      | Slain by a leopard gecko

Vanquished Creatures
  A hobgoblin (D:1)
  A bat (D:1)
  A frilled lizard (D:1)
  2 rats (D:1)
5 creatures vanquished.
